General information
- name: BNet
- type: Ladder 1vs1/FFA
- host: Battle.net
- saver: iLovePom
map: TerenasStand
- players: 2
- length: 42:04
- speed: Fast
- version: 1.26 W3XP
- replay type: Public
» download(125 KB)
Players
team 1 (loser)

»
theotis (
blue | 60 APM | 2518 actions | 42:02)
3 Far Seer
2 Feral Spirit
1 Chain Lighting
1 Tauren Chieftain
1 Endurance Aura
» actions
| Assign group hotkey | 17 | |
| Basic commands | 39 | |
| Build / train | 92 | |
| ESC pressed | 4 | |
| Enter build submenu | 27 | |
| Enter hero's abilities submenu | 4 | |
| Remove unit from queue | 3 | |
| Right click | 1037 | |
| Select / deselect | 903 | |
| Select group hotkey | 312 | |
| Use ability | 80 | |
2518 total
» units
| Peon | 28 | |
| Grunt | 8 | |
| Troll Headhunter/Berserker | 16 | |
| Shaman | 6 | |
| Troll Witch Doctor | 2 | |
| Demolisher | 2 | |
62 total
» upgrades
| Melee Weapons | 2 | |
| Armor | 2 | |
| Ranged Weapons | 2 | |
| Berserker Upgrade | 1 | |
| Shaman Training | 2 | |
| Witch Doctor Training | 2 | |
11 total
» buildings
| Altar of Storms | 2 | |
| Orc Burrow | 10 | |
| Barracks | 2 | |
| Voodoo Lounge | 1 | |
| War Mill | 1 | |
| Watch Tower | 3 | |
| Stronghold | 1 | |
| Fortress | 1 | |
| Great Hall | 2 | |
| Spirit Lodge | 1 | |
| Beastiary | 2 | |
26 total
» build order
00:20 Altar of Storms
00:23 Orc Burrow
00:26 Altar of Storms
00:59 Barracks
01:25 Voodoo Lounge
01:52 Orc Burrow
03:00 War Mill
03:32 Orc Burrow
04:51 Watch Tower
05:19 Stronghold
07:41 Fortress
08:25 Great Hall
09:31 Spirit Lodge
15:02 Orc Burrow
15:52 Barracks
17:23 Orc Burrow
17:38 Watch Tower
18:13 Orc Burrow
19:08 Beastiary
19:35 Watch Tower
20:41 Orc Burrow
20:54 Orc Burrow
23:47 Orc Burrow
25:22 Orc Burrow
27:31 Beastiary
31:06 Great Hall
» items
| Boots of Speed | 1 | |
| Healing Salve | 2 | |
| Lesser Clarity Potion | 3 | |
| Orb of Lightning | 1 | |
| Scroll of Town Portal | 1 | |
8 total
team 2 (winner)
iLovePom (
purple | 65 APM | 2748 actions | 42:04)
6 Archmage
3 Blizzard
2 Brilliance Aura
1 Mass Teleport
5 Blood Mage
3 Flame Strike
2 Siphon Mana
» actions
| Assign group hotkey | 62 | |
| Basic commands | 118 | |
| Build / train | 122 | |
| Enter build submenu | 40 | |
| Enter hero's abilities submenu | 11 | |
| Give item / drop item | 18 | |
| Remove unit from queue | 1 | |
| Right click | 1180 | |
| Select / deselect | 432 | |
| Select group hotkey | 520 | |
| Use ability | 244 | |
2748 total
» units
| Peasant | 18 | |
| Goblin Shredder | 1 | |
| Dragonhawk Rider | 2 | |
| Gryphon Rider | 4 | |
| Goblin Zeppelin | 2 | |
| Goblin Sapper | 6 | |
33 total
» upgrades
| Masonry | 3 | |
| Swords | 3 | |
| Armor | 3 | |
| Cloud | 1 | |
| Storm Hammers | 1 | |
| Animal War Training | 1 | |
| Magic Sentry | 1 | |
| Plating | 2 | |
| Gunpowder | 2 | |
| Sorceress Training | 1 | |
18 total
» buildings
| Altar of Kings | 1 | |
| Farm | 7 | |
| Arcane Vault | 4 | |
| Scout Tower | 31 | |
| Lumber Mill | 1 | |
| Arcane Tower | 7 | |
| Guard Tower | 15 | |
| Town Hall | 3 | |
| Keep | 2 | |
| Blacksmith | 2 | |
| Gryphon Aviary | 3 | |
| Castle | 2 | |
| Barracks | 1 | |
| Arcane Sanctum | 1 | |
80 total
» build order
00:05 Altar of Kings
00:12 Farm
00:35 Farm
00:43 Arcane Vault
01:06 Scout Tower
01:47 Lumber Mill
02:01 Arcane Tower
02:13 Farm
03:13 Scout Tower
03:14 Scout Tower
03:14 Scout Tower
03:21 Farm
03:45 Guard Tower
03:58 Guard Tower
04:04 Farm
05:04 Town Hall
05:08 Scout Tower
05:09 Scout Tower
05:10 Scout Tower
05:12 Scout Tower
05:13 Scout Tower
05:14 Scout Tower
05:21 Scout Tower
05:21 Scout Tower
05:43 Guard Tower
05:44 Arcane Tower
06:06 Guard Tower
06:33 Guard Tower
07:19 Keep
07:33 Guard Tower
07:36 Blacksmith
07:37 Blacksmith
07:38 Farm
07:38 Farm
09:44 Gryphon Aviary
09:46 Gryphon Aviary
09:48 Gryphon Aviary
09:54 Scout Tower
11:58 Arcane Vault
12:00 Castle
12:14 Arcane Vault
12:16 Guard Tower
13:00 Barracks
14:55 Arcane Sanctum
21:12 Town Hall
21:52 Scout Tower
21:54 Scout Tower
21:54 Scout Tower
22:31 Arcane Tower
22:31 Scout Tower
22:32 Scout Tower
22:34 Scout Tower
22:47 Arcane Tower
23:35 Guard Tower
23:43 Scout Tower
23:43 Scout Tower
23:44 Scout Tower
23:50 Guard Tower
24:21 Guard Tower
25:22 Guard Tower
26:04 Guard Tower
28:22 Scout Tower
28:23 Scout Tower
28:24 Scout Tower
28:25 Scout Tower
28:25 Scout Tower
28:26 Scout Tower
28:28 Scout Tower
28:28 Scout Tower
28:29 Scout Tower
28:50 Guard Tower
28:54 Guard Tower
29:23 Arcane Tower
29:24 Guard Tower
29:26 Arcane Tower
29:26 Arcane Tower
29:30 Town Hall
29:33 Arcane Vault
31:47 Keep
35:28 Castle
» items
| Scroll of Regeneration | 9 | |
| Boots of Speed | 2 | |
| Staff of Teleportation | 2 | |
| Potion of Invisibility | 3 | |
| Potion of Healing | 5 | |
| Periapt of Vitality | 2 | |
| Scroll of Town Portal | 1 | |
| Scroll of Healing | 1 | |
| Staff of Sanctuary | 2 | |
| Lesser Clarity Potion | 1 | |
| Ivory Tower | 1 | |
| Mechanical Critter | 2 | |
31 total
Chat log
(29:52 / All) iLovePom: did you need those?
(30:02 / All) iLovePom: uh oh
(30:05 / All) iLovePom: SUICIDE CHARGE
(30:13 / All) iLovePom: theres no gold left there.
(30:18 / All) iLovePom: just ragequit and get it over with
(30:33 / All) iLovePom: this whole time you had demos
(30:39 / All) iLovePom: and didnt keep out of tower fire?
(30:50 / All) iLovePom: wow youre terrible
(30:59 / All) iLovePom: btw
(31:03 / All) iLovePom: im in ur base
(31:06 / All) iLovePom: killin ur d00ds
(31:09 / All) iLovePom: bye noob
(31:16 / All) iLovePom: cookie cutter trash
(31:28 / All) iLovePom: worthless once you have to change from your cookie cutter build
(31:35 / All) iLovePom: cant do shit except hide burrows
(32:15 / All) iLovePom: you dont seriously expect to win with those do you?
(32:39 / All) iLovePom: oh look a great hall
(32:43 / All) iLovePom: right where i expected
(32:44 / All) iLovePom: lol
(33:02 / All) iLovePom: worth it?
(33:09 / All) iLovePom: i only have 12000 gold hoarded
(33:26 / All) iLovePom: wow
(33:27 / All) iLovePom: you suck
(33:27 / All) iLovePom: BAD
(33:33 / All) iLovePom: WHAT NOW
(33:35 / All) theotis: im high dude
(33:37 / All) iLovePom: excuses
(33:43 / All) iLovePom: and always pretending to be high
(33:48 / All) iLovePom: instant face saving
(33:56 / All) iLovePom: at least be more original
(33:56 / All) theotis: lol nah
(34:03 / All) iLovePom: pathetic
(34:11 / All) theotis: dude..
(34:16 / All) theotis: I dont give a shit I lost
(34:22 / All) iLovePom: yet you stay
(34:26 / All) iLovePom: just to "waste my time"?
(34:27 / All) theotis: im playing
(34:29 / All) iLovePom: are you really that angry? lol
(34:35 / All) theotis: ...
(34:40 / All) iLovePom: they always do it
(34:40 / All) theotis: I dont give a shit about you either lmao
(34:43 / All) iLovePom: apparently you do
(34:47 / All) iLovePom: because youre still here talking to me
(34:57 / All) theotis: :) im playing a game
(34:57 / All) iLovePom: hey theres 40 gold left in that mine
(35:09 / All) iLovePom: how can sitting on your non moving units be fun for you?
(35:17 / All) iLovePom: well...you dont micro so i guess i answered my own question lol
(35:24 / All) theotis: lol
(35:34 / All) iLovePom: i know its funny but why are you laughing lmao
(35:36 / All) theotis: :D
(35:38 / All) iLovePom: or pretending to laugh
(35:48 / All) iLovePom: uh oh internet tough guy asking for a rematch :D
(35:54 / All) theotis: lmao!
(35:56 / All) theotis: no way dude
(35:57 / All) iLovePom: in b4 ragequit
(36:00 / All) theotis: i cant host
(36:06 / All) iLovePom: wow youre a real winner
(36:10 / All) theotis: im just high man
(36:12 / All) theotis: playin a game
(36:14 / All) theotis: on a friday
(36:24 / All) iLovePom: [pantomimes a violin]
(36:37 / All) theotis: why do you do that
(36:45 / All) iLovePom: i honestly dont understand how being this bad at a game can be fun for you
(36:50 / All) theotis: im down to fight
(37:16 / All) theotis: lets do it man
(37:24 / All) iLovePom: whats left to do?
(37:24 / All) iLovePom: lol
(37:30 / All) theotis: finish this town hall
(37:31 / All) theotis: bring it
(37:37 / All) iLovePom: so youre that upset huh?
(37:41 / All) theotis: nah
(37:46 / All) iLovePom: they always deny
(37:47 / All) theotis: you wanna know whats really on my mind?
(37:48 / All) iLovePom: why is that
(37:54 / All) iLovePom: hmm, not really since you wont be honest about it
(37:58 / All) theotis: its my 350th win if I wouldve won
(37:59 / All) theotis: so
(38:05 / All) iLovePom: so people care about records?
(38:06 / All) theotis: i decided to do a 1v1
(38:07 / All) iLovePom: virgin?
(38:14 / All) theotis: nah nigga I want the icon
(38:17 / All) iLovePom: right
(38:18 / All) iLovePom: icons
(38:20 / All) iLovePom: on the internet
(38:22 / All) iLovePom: means youre a virgin
(38:26 / All) iLovePom: because you care about that shit lol
(38:29 / All) theotis: lmao
(38:35 / All) iLovePom: in b4 more face saving
(38:36 / All) theotis: nigga I'm engaged
(38:41 / All) theotis: i get plenty of trim no worries
(38:41 / All) iLovePom: there it is
(38:48 / All) theotis: lets do IT
(38:50 / All) iLovePom: btw
(38:50 / All) iLovePom: hi
(38:57 / All) iLovePom: that was easy/
(39:01 / All) iLovePom: wow you suck
(39:01 / All) theotis: woot!
(39:03 / All) theotis: good game
(39:04 / All) iLovePom: even if youre high
(39:04 / All) theotis: :D
(39:12 / All) iLovePom: and this was your first game
(39:27 / All) iLovePom: and you were nearly unconscious from a meth overdose
(39:36 / All) theotis: :)
(39:36 / All) iLovePom: all those factors considered, and youre still a retard
(39:42 / All) theotis: probably
(39:48 / All) theotis: its unknown for certain though
(40:01 / All) theotis: well...
(40:05 / All) theotis: see ya around!
(40:06 / All) iLovePom: well hurry up and leave
(40:08 / All) iLovePom: ragequit
(40:10 / All) iLovePom: so i can lul
(40:10 / All) theotis: LMAO!!!!
(40:18 / All) theotis: rage quit......
(40:22 / All) theotis: I DONT RAGE!!!
(40:23 / All) theotis: lmao
(40:24 / All) iLovePom: its been coming a long time
(40:25 / All) theotis: o.0
(41:27 / All) iLovePom: here ill make it real easy for ya
(41:37 / All) iLovePom: all you have to do is unpause the game
(41:41 / All) iLovePom: these gobs will be on autocast
(41:49 / All) iLovePom: so unpause when youre ready to ragequit
(41:54 / All) theotis: lol
(41:55 / All) theotis: a set up
(42:01 / All) iLovePom: ill leave you to it